 Dungeon Crawl Stone Soup version 0.28-a0-595-g9f6c0e134a (webtiles) character file.

Game seed: 10021764878583085181

243069 Heedrag the Warrior (level 18, -9/178 HPs)
             Began as a Minotaur Fighter on Oct 4, 2021.
             Was the Champion of Okawaru.
             Killed from afar by an ironbound thunderhulk (33 damage)
             ... with a bolt of lightning
             ... on level 1 of the Vaults.
             The game lasted 01:32:14 (28937 turns).

Heedrag the Warrior (Minotaur Fighter)             Turns: 28937, Time: 01:32:15

Health: -9/178     AC: 31    Str: 28    XL:     18   Next: 69%
Magic:  26/26      EV: 17    Int:  8    God:    Okawaru [******]
Gold:   2169       SH: 19    Dex: 11    Spells: 17/17 levels left

rFire   + . .      SeeInvis +   k - +9 broad axe (freeze)
rCold   + + .      Faith    .   H - +5 kite shield of the Slimy Barracuda {rPois}
rNeg    + + +      Spirit   .   q - +6 scale mail "Weokogael" {Will+++}
rPois   +          Reflect  .   M - +2 hat "Eveu" {Rampage rC+ rN+ Will- Int+3}
rElec   .          Harm     .   Q - +2 cloak {rCorr}
rCorr   +          Rampage  +   O - +2 pair of gloves
Will    +++..                   Z - +2 pair of boots "Jiusaor" {rN++}
Stlth   +.........              e - amulet of regeneration
HPRegen 1.39/turn               W - ring of Tulips {rF+ rCorr SInv}
MPRegen 0.20/turn               p - ring "Tocodebb" {rC+ rN+ Slay+2}

@: heroic, marked, studying 3 skills
A: horns 2, retaliatory headbutt
}: 2/15 runes: barnacled, gossamer
a: Renounce Religion, Heroism, Finesse, Duel


You were on level 1 of the Vaults.
You worshipped Okawaru.
Okawaru was exalted by your worship.
You visited 7 branches of the dungeon, and saw 32 of its levels.
You visited the Abyss 1 time.
You also visited: Gauntlet and Ice Cave.

You collected 3762 gold pieces.
You spent 1593 gold pieces at shops.

Inventory:

Hand Weapons
 b - the +3 war axe of the Hierophant {spect, rElec Int+2}
   (You found it on level 4 of the Lair of Beasts)

   When its wielder attacks, the weapon's spirit leaps out and strikes again.
   The spirit shares a part of any damage it takes with its wielder.
   Int:       It affects your intelligence (+2).
   rElec:     It insulates you from electricity.
 g - a +1 demon trident of venom
   (You took it off Urug on level 1 of the Lair of Beasts)
 k - a +9 broad axe of freezing (weapon)
   (Okawaru gifted it to you on level 2 of the Orcish Mines)
 A - the +0 war axe of Deuthepuck {freeze, Str+3 Int+2}
   (Okawaru gifted it to you on level 1 of the Vaults)

   It freezes those it strikes, dealing additional cold damage.
   It can also slow down cold-blooded creatures.
   Str:       It affects your strength (+3).
   Int:       It affects your intelligence (+2).
Missiles
 m - 44 javelins (quivered)
 G - 4 throwing nets {!f}
 L - 22 atropa-tipped darts
 V - 17 boomerangs
Armour
 a - the +0 scale mail "Sepuaj" {rCorr Str-5 Dex+6}
   (You found it on level 13 of the Dungeon)

   Str:       It affects your strength (-5).
   Dex:       It affects your dexterity (+6).
   rCorr:     It protects you from acid and corrosion.
 q - the +6 scale mail "Weokogael" (worn) {Will+++}
   (You found it on level 12 of the Dungeon)

   Will:      It greatly increases your willpower.
 H - the +5 kite shield of the Slimy Barracuda (worn) {rPois}
   (You found it on level 6 of the Dungeon)

   rPois:     It protects you from poison.
 M - the +2 hat "Eveu" (worn) {Rampage rC+ rN+ Will- Int+3}
   (Okawaru gifted it to you on level 3 of the Spider Nest)

   Int:       It affects your intelligence (+3).
   rC:        It protects you from cold.
   rN:        It protects you from negative energy.
   Rampage:   It bestows one free step when moving towards enemies.
   Will:      It decreases your willpower.
 O - a +2 pair of gloves (worn)
   (You found it on level 3 of the Lair of Beasts)
 Q - a +2 cloak of preservation (worn)
   (Okawaru gifted it to you in an ice cave)
 Z - the +2 pair of boots "Jiusaor" (worn) {rN++}
   (You found it in a Gauntlet)

   rN:        It greatly protects you from negative energy.
Jewellery
 e - an amulet of regeneration (around neck)
   (You found it on level 4 of the Dungeon)
 p - the ring "Tocodebb" (right hand) {rC+ rN+ Slay+2}
   (You bought it in a shop on level 2 of the Orcish Mines)

   [ring of positive energy]

   Slay:      It affects your accuracy & damage with ranged weapons and melee
   (+2).
   rC:        It protects you from cold.
   rN:        It protects you from negative energy.
 t - the ring "Qattot" {Fly rF+ Will- Str+5 Dex+2}
   (You bought it in a shop on level 2 of the Orcish Mines)

   [ring of protection from fire]

   Str:       It affects your strength (+5).
   Dex:       It affects your dexterity (+2).
   rF:        It protects you from fire.
   Fly:       It grants you flight.
   Will:      It decreases your willpower.
 z - the ring "Tapear" {rPois AC+4 Int+6}
   (You took it off a death knight on level 10 of the Dungeon)

   [ring of protection]

   AC:        It affects your AC (+4).
   Int:       It affects your intelligence (+6).
   rPois:     It protects you from poison.
 S - the amulet "Zatirch" {Reflect SH+5 Stlth+}
   (You found it on level 9 of the Dungeon)

   [amulet of reflection]

   It reflects blocked missile attacks.
   SH:        It affects your SH (+5).
   Stlth:     It makes you more stealthy.
 U - the ring "Figizun" {AC+4 Str+8 Int-2}
   (You took it off a vampire on level 9 of the Dungeon)

   [ring of protection]

   AC:        It affects your AC (+4).
   Str:       It affects your strength (+8).
   Int:       It affects your intelligence (-2).
 W - the ring of Tulips (left hand) {rF+ rCorr SInv}
   (You took it off a kobold brigand on level 9 of the Dungeon)

   [ring of see invisible]

   rF:        It protects you from fire.
   SInv:      It lets you see invisible.
   rCorr:     It protects you from acid and corrosion.
Wands
 d - a wand of iceblast (42)
   (You found it on level 8 of the Dungeon)
 u - a wand of paralysis (22)
   (You found it on level 1 of the Shoals)
 v - a wand of digging (11)
   (You took it off an orc on level 6 of the Dungeon)
 x - a wand of acid (6)
   (You found it on level 11 of the Dungeon)
 E - a wand of mindburst (18)
   (You found it on level 6 of the Dungeon)
Scrolls
 f - 5 scrolls of blinking
 h - 7 scrolls of magic mapping
 i - 2 scrolls of identify {@r1}
 j - 17 scrolls of teleportation {@r4}
 l - 6 scrolls of fog
 o - 2 scrolls of immolation {!r}
 w - a scroll of enchant armour
 F - 7 scrolls of fear
 K - a scroll of holy word
 X - 6 scrolls of vulnerability {!r}
Potions
 c - 3 potions of heal wounds {@q2}
 n - 2 potions of lignification {!q}
 r - 5 potions of ambrosia
 s - 5 potions of berserk rage
 y - 3 potions of resistance
 B - 2 potions of brilliance
 D - a potion of haste {@q3}
 I - 5 potions of attraction {!q}
 J - 9 potions of curing {@q1}
Miscellaneous
 N - a tin of tremorstones (2/2)
   (You found it in a Gauntlet)
 Y - a condenser vane
   (You found it in a Gauntlet)


   Skills:
 * Level 20.1(25.1) Fighting
 + Level 19.4(24.4) Axes
 + Level 12.7(17.7) Throwing
 + Level 15.2(20.2) Armour
 + Level 14.1(19.1) Dodging
 - Level 15.0(20.0) Shields
 + Level 12.5 Invocations


You had 17 spell levels left.
You didn't know any spells.
Your spell library contained the following spells:

 Spells                   Type           Power      Damage    Failure   Level
 Apportation              Tloc           0%         N/A       56%         1
 Freeze                   Ice            0%         1d3       56%         1
 Magic Dart               Conj           0%         1d3       56%         1
 Sandblast                Erth           0%         2d4       56%         1
 Shock                    Conj/Air       0%         1d3       56%         1
 Sting                    Tmut/Pois      0%         1d3       56%         1
 Corpse Rot               Necr/Air       N/A        N/A       71%         2
 Ensorcelled Hibernation  Hex/Ice        0%         N/A       71%         2
 Poisonous Vapours        Pois/Air       0%         N/A       71%         2
 Slow                     Hex            0%         N/A       71%         2
 Static Discharge         Conj/Air       0%         N/A       71%         2
 Sublimation of Blood     Necr           0%         N/A       71%         2
 Confusing Touch          Hex            0%         N/A       90%         3
 Conjure Flame            Conj/Fire      0%         6-21      90%         3
 Dazzling Flash           Conj/Hex       0%         N/A       90%         3
 Frozen Ramparts          Ice            0%         1d2       90%         3
 Ignite Poison            Fire/Tmut/Pois 0%         N/A       90%         3
 Portal Projectile        Hex/Tloc       0%         N/A       90%         3
 Spider Form              Tmut/Pois      0%         N/A       90%         3
 Stone Arrow              Conj/Erth      0%         3d7       90%         3
 Swiftness                Air            0%         N/A       90%         3
 Vampiric Draining        Necr           0%         2d6       90%         3
 Airstrike                Air            0%         N/A       100%        4
 Cause Fear               Hex            0%         N/A       100%        4
 Flame Wave               Conj/Fire      0%         3d3       100%        4
 Hailstorm                Conj/Ice       0%         3d3       100%        4
 Ice Form                 Ice/Tmut       0%         N/A       100%        4
 Iskenderun's Mystic Bla  Conj/Tloc      0%         2d3       100%        4
 Olgreb's Toxic Radiance  Pois           0%         N/A       100%        4
 Petrify                  Tmut/Erth      0%         N/A       100%        4
 Sticky Flame             Conj/Fire      0%         2d3       100%        4
 Agony                    Necr           0%         N/A       100%        5
 Blade Hands              Tmut           0%         N/A       100%        5
 Borgnjor's Vile Clutch   Necr/Erth      0%         N/A       100%        5
 Excruciating Wounds      Necr           0%         N/A       100%        5
 Fireball                 Conj/Fire      0%         3d3       100%        5
 Freezing Cloud           Conj/Ice/Air   0%         6-21      100%        5
 Irradiate                Conj/Tmut      0%         3d13      100%        5
 Silence                  Hex/Air        0%         N/A       100%        5
 Conjure Ball Lightning   Conj/Air       0%         3x3d6     100%        6
 Eringya's Noxious Bog    Tmut/Pois      0%         N/A       100%        6
 Starburst                Conj/Fire      0%         6d3       100%        6
 Statue Form              Tmut/Erth      0%         N/A       100%        6
 Dragon Form              Tmut           0%         N/A       100%        7
 Discord                  Hex            0%         N/A       100%        8
 Disjunction              Tloc           0%         N/A       100%        8
 Ignition                 Fire           0%         3d3       100%        8
 Chain Lightning          Conj/Air       0%         N/A       100%        9
 Polar Vortex             Ice            0%         N/A       100%        9
 Animate Skeleton         Necr           Unusable   N/A       N/A         1
 Summon Small Mammal      Summ           Unusable   N/A       N/A         1
 Animate Armour           Summ/Erth      Unusable   N/A       N/A         4
 Summon Ice Beast         Ice/Summ       Unusable   N/A       N/A         4
 Summon Forest            Summ/Tloc      Unusable   N/A       N/A         5
 Simulacrum               Ice/Necr       Unusable   N/A       N/A         6
 Summon Hydra             Summ           Unusable   N/A       N/A         7
 Dragon's Call            Summ           Unusable   N/A       N/A         9

Dungeon Overview and Level Annotations

Branches:
Dungeon (14/15)            Temple (1/1) D:5            Lair (6/6) D:9
 Shoals (4/4) Lair:3       Spider (4/4) Lair:4        Slime (0/5) Lair:5
    Orc (2/2) D:11            Elf (0/3) Orc:2        Vaults (1/5) D:13
  IceCv (visited)         Gauntlet (visited)

Altars:
Ashenzari
Cheibriados
Dithmenos
Elyvilon
Fedhas
Gozag
Hepliaklqana
Kikubaaqudgha
Makhleb
Nemelex Xobeh
Okawaru
Qazlal
Ru
Sif Muna
Trog
Uskayaw
Vehumet
Wu Jian
Xom
Yredelemnul
Zin
The Shining One
Jiyva

Shops:
D:1 [   D:5 !(*   Orc:2 =(=[   Shoals:3 ?

Portals:
Abyss: D:4


Innate Abilities, Weirdness & Mutations

You have a pair of horns on your head.
You reflexively headbutt those who attack you in melee.


Message History

You block the deep troll's attack. The deep troll claws you!
* * * LOW HITPOINT WARNING * * *
The deep troll closely misses you. The deep troll completely misses you.
You furiously retaliate!
You headbutt the deep troll!
The deep troll claws you but does no damage.
The deep troll closely misses you.
The centaur warrior hits you but does no damage.
The centaur warrior closely misses you.
Electricity crackles from the ironbound thunderhulk's apparatus.
The bolt of lightning misses you.
Unknown command.
You slice the centaur warrior!! You freeze the centaur warrior.
You slice the deep troll!! You freeze the deep troll.
You slice the deep troll!! You freeze the deep troll.
You block the deep troll's attack. The deep troll barely misses you.
You block the deep troll's attack. x2; The deep troll barely misses you.
The deep troll claws you but does no damage.
You block the centaur warrior's attack. The centaur warrior closely misses you.
You slice the centaur warrior!! You freeze the centaur warrior.
You kill the centaur warrior!
Okawaru accepts your kill.
You slash the deep troll! You freeze the deep troll. You slash the deep troll!
You freeze the deep troll.
The vault sentinel blows a loud note on a signal horn!
You block the deep troll's attack. x2
The deep troll claws you but does no damage.
The deep troll completely misses you. You block the deep troll's attack.
The deep troll claws you but does no damage.
You hear a shout! x2
You hit the deep troll. You freeze the deep troll. You headbutt the deep troll!
You kill the deep troll!
Okawaru accepts your kill.
The troll leather armour is intact enough to wear.
You slash the deep troll! You freeze the deep troll.
You kill the deep troll!
Okawaru accepts your kill.
The vault sentinel casts a spell at you.
You resist with some effort.
The vault sentinel casts a spell at you.
A sentinel's mark forms upon you.
The vault sentinel gestures at you while chanting.
You resist with some effort.
Electricity crackles from the ironbound thunderhulk's apparatus.
The bolt of lightning hits you!!
* * * LOW HITPOINT WARNING * * *
The vault sentinel gestures at you while chanting.
The mark upon you grows brighter.
Electricity crackles from the ironbound thunderhulk's apparatus.
The bolt of lightning hits you!!
You die...

#################
................#
................#
####+##'######..#
#......# #..#
#.....## #@.#
#....## #..#
#...## #..# #..##
###..# #..##
##.#..# #...##
##..#..#
#...∩####...#Op#
##....##....#)†#
#...........#..#


You could see an ironbound thunderhulk and a vault sentinel.

Vanquished Creatures
  Nikola (Spider:4)
  Arachne (Spider:3)
  Mlioglotl (Spider:4)
  3 sphinxes
  Polyphemus (Shoals:3)
  Kirke (Lair:4)
  Agnes (Spider:1)
  Roxanne (Spider:4)
  The ghost of Ulouff the Fighter, an adept DsVM of Vehumet (Spider:2)
  Ilsuiw (Shoals:2)
  2 frost giants (IceCv)
  3 ghost moths (Spider:4)
  15 emperor scorpions
  Aizul (Spider:3)
  3 ironbound preservers
  A reaper (Gauntlet)
  A deep elf demonologist (Abyss:1)
  Azrael (Orc:2)
  5 entropy weavers
  2 minotaurs
  A white draconian (IceCv)
  2 dire elephants (Spider:4)
  A spark wasp (Spider:3)
  2 merfolk impalers
  An ettin (Orc:2)
  11 hydras
  4 boulder beetles
  3 ironbound frosthearts (IceCv)
  2 ogre magi (Orc:2)
  2 catoblepae
  13 two-headed ogres
  9 centaur warriors
  17 satyrs
  A death knight (D:10)
  16 death yaks
  A tengu warrior (D:13)
  A deep elf knight (Spider:4)
  Urug (Lair:1)
  2 sea snakes (Shoals:1)
  4 skeletal warriors (D:13)
  A deep elf archer (Spider:4)
  8 deep trolls
  An orange crystal statue (IceCv)
  4 lindwurms
  An orc knight (Orc:2)
  6 oklob plants
  2 deep elf pyromancers
  14 harpies
  16 orb spiders
  23 wolf spiders
  13 manticores
  2 worldbinders (Gauntlet)
  24 ugly things
  5 cyclopes
  A moth of wrath (Spider:2)
  Maurice (D:11)
  8 elephants
  19 fauns
  An ice statue (Shoals:2)
  5 water nymphs
  Joseph (D:8)
  6 merfolk sirens
  5 black mambas
  3 gargoyles
  3 torpor snails
  2 centaur zombies
  Psyche (D:10)
  16 cane toads
  A kobold demonologist (D:9)
  An unseen horror (D:11)
  17 rime drakes
  2 tengu conjurers (D:13)
  6 demonic crawlers
  A freezing wraith (D:10)
  10 komodo dragons
  An efreet (D:10)
  A hellwing (Gauntlet)
  12 merfolk
  12 trolls
  A troll (shapeshifter) (D:14)
  5 hornets
  Grinder (D:4)
  29 jumping spiders
  13 slime creatures
  21 polar bears
  2 snapping turtles
  A raiju (shapeshifter) (D:14)
  3 wind drakes
  22 dream sheep
  4 shadows
  61 yaks
  83 redbacks
  3 water elementals
  30 tarantellas
  2 wraiths
  2 wyverns
  6 hogs
  3 vampires
  A steam dragon (D:9)
  3 fire elementals (Orc:2)
  A human (Spider:1)
  7 basilisks
  10 vampire mosquitoes
  Edmund (D:5)
  A warg (Orc:2)
  2 harpy simulacra
  An acid dragon (D:13)
  11 water moccasins
  3 hell hounds
  13 orc warriors
  2 sky beasts (D:6)
  3 black bears
  2 necrophages (D:6)
  7 centaurs
  2 boggarts (Gauntlet)
  20 ogres
  23 wolves
  A phantom (D:7)
  3 kobold brigands
  5 scorpions
  9 bullfrogs
  The ghost of yegreS the Skirmisher, a weakling MiFi (D:4)
  12 jellies
  14 wights
  4 electric eels
  3 howler monkeys
  2 hounds (D:6)
  12 orc priests
  An iron imp (D:4)
  Jessica (D:2)
  3 bullfrog skeletons
  2 iguanas
  Terence (D:2)
  15 orc wizards
  6 hell rats (Lair:6)
  2 howler monkey zombies
  A gnoll (D:4)
  3 adders
  A shadow imp (D:6)
  2 white imps
  An ufetubus (D:4)
  2 dart slugs
  2 worms (D:4)
  55 orcs
  2 bats (D:1)
  18 endoplasms
  4 giant cockroaches
  3 goblins
  3 hobgoblins
  3 jackals (D:1)
  15 ball pythons
  2 frilled lizards
  22 kobolds
  4 rats
  A spectral goblin (D:1)
1042 creatures vanquished.

Vanquished Creatures (others)
  21 fungi
  61 plants
82 creatures vanquished.

Grand Total: 1124 creatures vanquished

Notes
Turn   | Place    | Note
-------+----------+-------------------------------------------
     0 | D:1      | Heedrag the Minotaur Fighter began the quest for the Orb.
     0 | D:1      | Reached XP level 1. HP: 19/19 MP: 0/0
   120 | D:1      | Found Nokkia's Antique Armour Shop.
   188 | D:1      | Reached XP level 2. HP: 26/27 MP: 1/1
   304 | D:1      | Found a faded altar of an unknown god.
   568 | D:1      | Reached skill level 1 in Dodging
   588 | D:1      | Reached XP level 3. HP: 33/33 MP: 2/2
   968 | D:2      | Noticed Jessica
   972 | D:2      | Killed Jessica
   973 | D:2      | Reached skill level 4 in Fighting
   973 | D:2      | Reached XP level 4. HP: 28/40 MP: 3/3
  1092 | D:2      | Noticed Terence
  1099 | D:2      | Killed Terence
  1152 | D:2      | Found a hide-covered altar of Uskayaw.
  1561 | D:3      | Reached XP level 5. HP: 32/46 MP: 4/4
  2191 | D:4      | Noticed an ogre
  2197 | D:4      | Killed an ogre
  2198 | D:4      | Reached skill level 5 in Axes
  2198 | D:4      | Reached XP level 6. HP: 53/53 MP: 5/5
  2271 | D:4      | Found a transporter.
  2272 | D:4      | Found a transporter.
  2272 | D:4      | Found a one-way gate to the infinite horrors of the Abyss.
  2272 | D:4      | Noticed yegreS's ghost (weakling MiFi)
  2343 | D:4      | Reached skill level 5 in Armour
  2347 | D:4      | Reached skill level 5 in Shields
  2421 | D:4      | Noticed a yak
  2421 | D:4      | Noticed a yak
  2548 | D:4      | Noticed Grinder
  2565 | D:4      | Paralysed by Grinder for 3 turns
  2573 | D:5      | Entered Level 5 of the Dungeon
  2573 | D:5      | Found Xuciom's Antique Weapon Shoppe.
  2804 | D:5      | Found a staircase to the Ecumenical Temple.
  2813 | D:5      | Noticed Edmund
  2816 | Temple   | Entered the Ecumenical Temple
  3079 | Temple   | Became a worshipper of Warmaster Okawaru
  3113 | D:5      | Killed Edmund
  3114 | D:5      | Reached skill level 5 in Fighting
  3114 | D:5      | Reached skill level 1 in Throwing
  3114 | D:5      | Reached XP level 7. HP: 33/61 MP: 6/6
  3416 | D:5      | Reached * piety under Okawaru
  3417 | D:5      | Reached skill level 1 in Invocations
  3595 | D:5      | Found Daonaem's Distillery.
  3603 | D:5      | Bought a potion of heal wounds for 50 gold pieces
  3603 | D:5      | Bought a potion of berserk rage for 50 gold pieces
  3713 | D:5      | Found Maim's General Store.
  4010 | D:4      | Noticed a yak
  4034 | D:5      | Killed a yak
  4035 | D:5      | Reached XP level 8. HP: 60/69 MP: 8/8
  4113 | D:4      | Paralysed by Grinder for 4 turns
  4139 | D:4      | Killed Grinder
  4498 | D:4      | Reached ** piety under Okawaru
  4926 | D:4      | Cast into level 1 of the Abyss (gnoll)
  4957 | Abyss:1  | Noticed a deep elf demonologist
  4968 | Abyss:1  | Noticed a hellwing
  4968 | Abyss:1  | Noticed a hellwing
  4969 | Abyss:1  | Noticed a red devil
  4973 | Abyss:1  | Killed a deep elf demonologist
  4973 | Abyss:1  | Reached *** piety under Okawaru
  4973 | Abyss:1  | Received a gift from Okawaru
  4974 | Abyss:1  | Reached skill level 6 in Fighting
  4974 | Abyss:1  | Reached XP level 9. HP: 40/75 MP: 8/10
  4977 | D:4      | Escaped the Abyss
  5233 | D:4      | Killed yegreS's ghost
  5486 | D:6      | Received a gift from Okawaru
  5675 | D:6      | Found a radiant altar of Vehumet.
  5686 | D:6      | Identified the +5 kite shield of the Slimy Barracuda
                  | {rPois}
  5766 | D:6      | Reached **** piety under Okawaru
  5907 | D:7      | Noticed a boulder beetle
  5924 | D:7      | Killed a boulder beetle
  5925 | D:7      | Reached skill level 5 in Throwing
  5925 | D:7      | Reached skill level 5 in Dodging
  6241 | D:7      | Reached skill level 7 in Fighting
  6241 | D:7      | Reached XP level 10. HP: 86/86 MP: 12/12
  6826 | D:8      | Received a gift from Okawaru
  7109 | D:8      | Noticed a two-headed ogre
  7117 | D:8      | Killed a two-headed ogre
  7117 | D:8      | Reached ***** piety under Okawaru
  7118 | D:8      | Reached skill level 10 in Axes
  7118 | D:8      | Reached skill level 5 in Invocations
  7261 | D:8      | Noticed Joseph
  7312 | D:8      | Killed Joseph
  7330 | D:8      | Identified the +2 ring mail "Pitevolu" {Dex+2}
  7829 | D:9      | Received a gift from Okawaru
  7877 | D:9      | Found a staircase to the Lair.
  7877 | D:9      | Noticed an elephant
  7922 | D:9      | Reached XP level 11. HP: 79/94 MP: 14/14
  7940 | D:9      | Received a gift from Okawaru
  7941 | D:9      | Reached skill level 8 in Fighting
  8050 | D:9      | Noticed a cyan ugly thing
  8057 | D:9      | Killed a cyan ugly thing
  8395 | D:9      | Identified the amulet "Zatirch" {Reflect SH+5 Stlth+}
  8524 | D:10     | Entered Level 10 of the Dungeon
  8537 | D:10     | Paralysed by a hornet for 3 turns
  8602 | D:9      | Noticed a soul eater
  8604 | D:9      | Received a gift from Okawaru
  8725 | D:10     | Noticed a seven-headed hydra
  8746 | D:9      | Killed a seven-headed hydra
  8842 | D:10     | Noticed a two-headed ogre
  8847 | D:10     | Identified the ring "Figizun" {AC+4 Str+8 Int-2}
  8848 | D:10     | Killed a two-headed ogre
  8883 | D:10     | Noticed Psyche
  8883 | D:10     | Noticed a brown ugly thing
  8907 | D:10     | Noticed a two-headed ogre
  8917 | D:9      | Killed a two-headed ogre
  8997 | D:8      | Killed a brown ugly thing
  9038 | D:10     | Killed Psyche
  9071 | D:10     | Identified the amulet "Saemoy" {Spirit Harm Int+4}
  9084 | D:10     | Noticed a centaur warrior
  9094 | D:10     | Killed a centaur warrior
  9094 | D:10     | Received a gift from Okawaru
  9095 | D:10     | Reached skill level 10 in Shields
  9109 | D:10     | Identified the ring of Tulips {rF+ rCorr SInv}
  9111 | D:10     | Identified the ring "Tapear" {rPois AC+4 Int+6}
  9111 | D:10     | Noticed a death knight
  9112 | D:10     | Noticed a boulder beetle
  9133 | D:9      | Received a gift from Okawaru
  9385 | D:10     | Reached XP level 12. HP: 89/103 MP: 15/15
  9400 | D:10     | Identified the +2 hunting sling "Lugimufu" {vorpal, rN++}
  9450 | D:10     | Killed a death knight
  9450 | D:10     | Received a gift from Okawaru
  9603 | D:10     | Killed a boulder beetle
  9604 | D:10     | Reached skill level 9 in Fighting
  9873 | D:11     | Noticed a boulder beetle
  9889 | D:10     | Killed a boulder beetle
  9972 | D:11     | Noticed a two-headed ogre
  9978 | D:11     | Killed a two-headed ogre
 10081 | D:11     | Received a gift from Okawaru
 10182 | D:11     | Found a staircase to the Orcish Mines.
 10205 | D:11     | Noticed Maurice
 10227 | D:11     | Killed Maurice
 10647 | D:12     | Identified the +0 robe "Oset" {rElec rF++ MP+9 Dex+4}
                  | (Okawaru gifted it to you on level 12 of the Dungeon)
 10647 | D:12     | Received a gift from Okawaru
 10725 | D:12     | Found a viscous altar of Jiyva.
 10767 | D:12     | Identified the +6 scale mail "Weokogael" {Will+++}
 11228 | Lair:1   | Entered Level 1 of the Lair of Beasts
 11502 | Lair:1   | Noticed Urug
 11517 | Lair:1   | Killed Urug
 11677 | Lair:1   | Reached skill level 10 in Armour
 11734 | Lair:1   | Noticed an eight-headed hydra
 11747 | Lair:1   | Killed a 13-headed hydra
 11748 | Lair:1   | Reached XP level 13. HP: 51/113 MP: 14/17
 11964 | Lair:1   | Identified the +6 war axe of Bespelled Subterfuge {vorpal,
                  | rCorr}
 12129 | Lair:1   | Reached skill level 10 in Fighting
 12724 | Lair:3   | Found a staircase to the Shoals.
 12740 | Lair:3   | Identified the +5 hand crossbow "Ryacuad" {vorpal, Str-2
                  | Int+2 SInv}
 12819 | Lair:3   | Reached ****** piety under Okawaru
 12858 | Lair:3   | Received a gift from Okawaru
 13203 | Lair:4   | Found a gate leading to a gauntlet.
 13218 | Gauntlet | Entered a Gauntlet
 13218 | Gauntlet | Found a transporter.
 13226 | Gauntlet | Found a transporter.
 13227 | Gauntlet | Found a transporter.
 13240 | Gauntlet | Found a transporter.
 13247 | Gauntlet | Found a runed translucent door.
 13250 | Gauntlet | Found a transporter.
 13263 | Gauntlet | Noticed a reaper
 13264 | Gauntlet | Found a transporter.
 13275 | Gauntlet | Found a transporter.
 13286 | Gauntlet | Found a transporter.
 13306 | Gauntlet | Found a transporter.
 13315 | Gauntlet | Found a transporter.
 13359 | Gauntlet | Found a transporter.
 13361 | Gauntlet | Found a transporter.
 13378 | Gauntlet | Found a transporter.
 13379 | Gauntlet | Found a transporter.
 13392 | Gauntlet | Found the +9 sword of Zonguldrok {reap}
 13540 | Gauntlet | Killed a reaper
 13550 | Gauntlet | Identified the +2 pair of boots "Jiusaor" {rN++}
 13623 | Gauntlet | Noticed a minotaur
 13631 | Gauntlet | Killed a minotaur
 13638 | Gauntlet | Found the +14 obsidian axe {vorpal, Mesm Drain Fly SInv}
 13641 | Gauntlet | Identified the +0 leather armour of the Kraken {Str+3 Int+4
                  | Slay-4}
 13642 | Gauntlet | Got the Grimoire of the Harmful Rocks
 13879 | Lair:4   | Found a hole to the Spider Nest.
 13961 | Lair:4   | Identified the +3 war axe of the Hierophant {spect, rElec
                  | Int+2}
 14035 | Lair:4   | Received a gift from Okawaru
 14955 | Lair:5   | Reached XP level 14. HP: 122/122 MP: 19/19
 15257 | Lair:5   | Found a staircase to the Slime Pits.
 15621 | Lair:6   | Entered Level 6 of the Lair of Beasts
 15644 | Lair:6   | Reached skill level 11 in Fighting
 15666 | Lair:6   | Received a gift from Okawaru
 15715 | Lair:6   | Received a gift from Okawaru
 15817 | Lair:6   | Reached skill level 15 in Axes
 16053 | Lair:6   | Received a gift from Okawaru
 16108 | Lair:6   | Reached skill level 10 in Dodging
 16140 | Lair:6   | Received a gift from Okawaru
 17049 | Orc:1    | Entered Level 1 of the Orcish Mines
 17181 | Orc:2    | Entered Level 2 of the Orcish Mines
 17238 | Orc:2    | Found Qaemoff's Antique Armour Shoppe.
 17250 | Orc:2    | Reached XP level 15. HP: 130/130 MP: 12/20
 17337 | Orc:2    | Received a gift from Okawaru
 17358 | Orc:2    | Found Ligaddeu's Jewellery Boutique.
 17362 | Orc:2    | Found a staircase to the Elven Halls.
 17379 | Orc:2    | Found Azupruy's Weapon Emporium.
 17380 | Orc:2    | Found Kygunaf's Jewellery Emporium.
 17409 | Orc:2    | Noticed Azrael
 17434 | Orc:2    | Killed Azrael
 17530 | Orc:2    | Reached skill level 15 in Shields
 18030 | Orc:2    | Bought the ring "Tocodebb" {rC+ rN+ Slay+2} for 636 gold
                  | pieces
 18030 | Orc:2    | Bought the ring "Qattot" {Fly rF+ Will- Str+5 Dex+2} for
                  | 669 gold pieces
 18181 | Shoals:1 | Entered Level 1 of the Shoals
 18199 | Shoals:1 | Reached skill level 12 in Fighting
 18241 | Shoals:1 | Identified the +11 hand axe of the Endless Emperors
                  | {protect, rCorr Str+5 Int+3}
 18436 | Shoals:1 | Reached skill level 10 in Throwing
 18461 | Shoals:1 | Received a gift from Okawaru
 18465 | Shoals:1 | Identified the +8 rapier of the Lusting Saviour {freeze,
                  | rF+ rC++}
 18580 | Shoals:1 | Identified the ring "Qemnininnima" {Fire rPois Str-3 Dex+3}
 18713 | Shoals:1 | Received a gift from Okawaru
 19116 | Shoals:2 | Noticed Ilsuiw
 19142 | Shoals:2 | Killed Ilsuiw
 19158 | Shoals:2 | Found a frozen archway.
 19181 | IceCv    | Entered an ice cave
 19204 | IceCv    | Reached skill level 10 in Invocations
 19385 | IceCv    | Received a gift from Okawaru
 19483 | IceCv    | Noticed a frost giant
 19483 | IceCv    | Noticed a frost giant
 19537 | IceCv    | Killed a frost giant
 19563 | IceCv    | Reached XP level 16. HP: 141/141 MP: 16/22
 19665 | IceCv    | Reached skill level 13 in Fighting
 19677 | IceCv    | Received a gift from Okawaru
 21376 | Shoals:3 | Noticed Polyphemus
 21399 | Shoals:3 | Killed Polyphemus
 21452 | Shoals:3 | Found Esoxoclauv's Magic Scroll Shoppe.
 21461 | Shoals:3 | Bought 2 scrolls of magic mapping for 91 gold pieces
 21461 | Shoals:3 | Bought a scroll of enchant weapon for 97 gold pieces
 21477 | Shoals:3 | Reached skill level 14 in Fighting
 21971 | Shoals:4 | Entered Level 4 of the Shoals
 22396 | Shoals:4 | Identified the +1 scale mail of Hairiness {*Corrode Fly rC+
                  | Str+5}
 22429 | Shoals:4 | Noticed a sphinx
 22436 | Shoals:4 | Noticed a sphinx
 22457 | Shoals:4 | Reached skill level 15 in Fighting
 22460 | Shoals:4 | Received a gift from Okawaru
 22462 | Arena    | Entered the Arena
 22468 | Arena    | Killed a sphinx
 22510 | Shoals:4 | Killed a sphinx
 22511 | Shoals:4 | Noticed a sphinx
 22516 | Arena    | Entered the Arena
 22524 | Arena    | Killed a sphinx
 22564 | Shoals:4 | Received a gift from Okawaru
 22743 | Shoals:4 | Identified the +2 hat of Jeqelero {Contam rC- Will+ Dex+9}
 22746 | Shoals:4 | Identified the +12 dagger of Emosiczo {flame, *Slow Will+
                  | Dex+2}
 22919 | Shoals:4 | Got Further Progress in Theurgy
 22921 | Shoals:4 | Got a barnacled rune of Zot
 23274 | D:10     | Upgraded the game from 0.28-a0-589-g333b8329f1 to
                  | 0.28-a0-595-g9f6c0e134a
 23375 | Spider:1 | Entered Level 1 of the Spider Nest
 23375 | Spider:1 | Noticed Kirke
 23391 | Lair:4   | Killed Kirke
 23551 | Spider:1 | Reached XP level 17. HP: 158/158 MP: 24/24
 23594 | Spider:1 | Noticed Agnes
 23606 | Spider:1 | Killed Agnes
 23607 | Spider:1 | Reached skill level 16 in Fighting
 23684 | Spider:1 | Received a gift from Okawaru
 23788 | Spider:1 | Received a gift from Okawaru
 24090 | Spider:2 | Found a runed translucent gate.
 24090 | Spider:2 | Found a runed translucent gate.
 24090 | Spider:2 | Found a runed translucent gate.
 24093 | Spider:2 | Noticed Ulouff's ghost (adept DsVM)
 24123 | Spider:2 | Received a gift from Okawaru
 24143 | Spider:2 | Killed Ulouff's ghost
 24155 | Spider:2 | Identified the +1 robe of the Storm King {Harm}
 24476 | Spider:2 | Reached skill level 17 in Fighting
 24707 | Spider:3 | Received a gift from Okawaru
 24958 | Spider:3 | Received a gift from Okawaru
 25099 | Spider:3 | Reached skill level 18 in Fighting
 25121 | Spider:3 | Noticed Aizul
 25124 | Spider:3 | Identified the +2 hat "Eveu" {Rampage rC+ rN+ Will- Int+3}
                  | (Okawaru gifted it to you on level 3 of the Spider Nest)
 25124 | Spider:3 | Received a gift from Okawaru
 25127 | Spider:3 | Killed Aizul
 25946 | Spider:4 | Entered Level 4 of the Spider Nest
 25967 | Spider:4 | Noticed Arachne
 25984 | Spider:3 | Killed Arachne
 26213 | Spider:4 | Reached XP level 18. HP: 174/174 MP: 14/25
 26221 | Spider:4 | Reached skill level 19 in Fighting
 26420 | Spider:4 | Got a gossamer rune of Zot
 26496 | Spider:4 | Noticed Mlioglotl
 26509 | Spider:4 | Killed Mlioglotl
 26657 | Spider:4 | Noticed Nikola
 26677 | Spider:4 | Killed Nikola
 26751 | Spider:4 | Identified 4 scrolls of acquirement
 26871 | Spider:4 | Identified Roxanne's Grimoire of Clay
 26871 | Spider:4 | Noticed Roxanne
 26905 | Spider:4 | Killed Roxanne
 27174 | D:10     | Acquired a manual of Dodging
 27176 | D:10     | Acquired a manual of Long Blades
 27178 | D:10     | Acquired the +3 pair of seven-league boots {Rampage+∞}
 27178 | D:10     | Found the +3 pair of seven-league boots {Rampage+∞}
 27180 | D:10     | Acquired 975 gold pieces
 27255 | D:13     | Received a gift from Okawaru
 27473 | D:13     | Identified the +0 scale mail "Sepuaj" {rCorr Str-5 Dex+6}
 27910 | D:13     | Found a gate to the Vaults.
 27915 | D:13     | Reached skill level 15 in Armour
 28204 | D:14     | Received a gift from Okawaru
 28783 | Vaults:1 | Entered Level 1 of the Vaults
 28846 | Vaults:1 | Identified the +0 war axe of Deuthepuck {freeze, Str+3
                  | Int+2} (Okawaru gifted it to you on level 1 of the Vaults)
 28846 | Vaults:1 | Received a gift from Okawaru
 28872 | Vaults:1 | Reached skill level 20 in Fighting
 28937 | Vaults:1 | Killed from afar by an ironbound thunderhulk

Illustrated notes

Levels and vault maps discovered:
D:1:      onia_arrival_handbag, layout_basic, serial_shops, nicolae_square_shop,
          dreamdust_ecumenical_altar_drowned_temple
D:2:      layout_basic, basic_altar, uniq_jessica, uniq_terence
D:3:      layout_basic, minmay_hedge_maze, minmay_misc_feat_rows
D:4:      layout_cave_pools, gammafunk_ghost_abyssal_escape, uniq_grinder
D:5:      layout_rooms, minmay_temple_entry_antechambers, serial_shops, shop,
          shop, nicolae_take_the_stairs, interstate_on_off, uniq_edmund
D:6:      layout_cave_pools, kennysheep_mini_moat
D:7:      layout_rooms
D:8:      layout_loops_corners, uniq_joseph
D:9:      layout_roguey, david_lair_generic, kennysheep_donut
D:10:     minmay_the_grid_triangle_9x9_rhombus_thin_mashed
          [minmay_the_grid_triangle_9x9_negative_grid,
          minmay_the_grid_triangle_9x9_prize_special,
          minmay_the_grid_triangle_9x9_steps,
          minmay_the_grid_triangle_9x9_minimal], layout_cave_pools, uniq_psyche
D:11:     layout_rooms, orc_0_dummy, st_stairs_2, serial_bayou_pond_a,
          roderic_nine_men_s_morris, uniq_maurice
D:12:     layout_gridville, jiyva_altar_1
D:13:     layout_basic, skrybe_vaults_entry_preservation
D:14:     layout_long_grid, infiniplex_staircase_pillars_1
Temple:   nicolae_temple_the_god_donut
Lair:1:   lemuel_slime, layout_cave_shapes, uniq_urug
Lair:2:   layout_cellular_growth
Lair:3:   layout_misc_corridors, shoals_dummy_entry, beast_lair_carwin_10
Lair:4:   layout_regular_city, spider_nest_entry_rubble, gauntlet_entry_generic,
          st_stairs_12, infiniplex_staircase_pool_2
Lair:5:   layout_cave_pods, minmay_slime_entry_oklob_enclosed
Lair:6:   hangedman_lair_in_review, layout_concentric_octagons, wormcave,
          serial_bayou_shore_b, grunt_megastairs_3
Shoals:1: layout_shoals, nicolae_shoals_this_corrosion
Shoals:2: layout_shoals, portal_ice_cave_entry_ice_statue_one, uniq_ilsuiw
Shoals:3: layout_shoals, serial_shops, nicolae_shop_stone, uniq_polyphemus
Shoals:4: shoals_end_hellmonk_lost_city
Spider:1: layout_spider_delve, nicolae_spider_scorpion_nest, uniq_agnes,
          uniq_kirke
Spider:2: layout_spider_delve, gammafunk_ghost_split
Spider:3: layout_spider_delve, nicolae_spider_baby_got_redback, uniq_aizul
Spider:4: grunt_spider_rune_circles, beargit_elvish_explorers, uniq_arachne,
          uniq_nikola, uniq_roxanne, uniq_mlioglotl
Orc:1:    lemuel_ogre_cave, layout_caves
Orc:2:    st_orc_open, layout_caves, uniq_azrael
Vaults:1: nicolae_vaults_ring_of_whatevers,
          vaults_room_grunt_arrival_checkpoint, nicolae_vaults_three_branches,
          nicolae_vaults_border_crossing, hangedman_vaults_impose,
          grunt_vaults_hallway_short, v_misc_19, dpeg_vaults_monster_box,
          layout_vaults_quadrants, serial_shops

Skill      XL: |  1  2  3  4  5  6  7  8  9 10 11 12 13 14 15 16 17 18 |
---------------+-------------------------------------------------------+-----
Axes           | 3 4 5 6 7 9 10 12 13 14 15 17 18 19 | 19.4
Dodging        | 1 2 3 4 5 6 7 8 9 10 11 12 13 14 | 14.1
Armour         | 4 5 6 7 8 9 10 11 12 13 14 15 | 15.2
Shields        | 4 5 6 7 8 10 11 13 14 15 | 15.0
Fighting       | 4 5 6 7 8 9 10 11 12 15 18 20 | 20.1
Throwing       | 1 2 4 5 6 7 8 9 10 11 12 | 12.7
Invocations    | 2 3 4 5 6 7 8 9 10 11 12 | 12.5

Action                   |  1- 3 |  4- 6 |  7- 9 | 10-12 | 13-15 | 16-18 || total
-------------------------+-------+-------+-------+-------+-------+-------++-------
Melee: War axe           |    80 |   101 |   211 |   663 |   652 |    11 ||  1718
       Headbutt          |     9 |    22 |    43 |   186 |   276 |   247 ||   783
       Unarmed           |       |       |       |    26 |       |       ||    26
       Morningstar       |       |       |       |     6 |       |       ||     6
       Demon trident     |       |       |       |     2 |    24 |       ||    26
       Broad axe         |       |       |       |       |   197 |   922 ||  1119
Throw: Dart              |       |       |    17 |    13 |     1 |       ||    31
       Boomerang         |       |       |     3 |     4 |       |   127 ||   134
       Javelin           |       |       |       |       |    14 |    12 ||    26
Invok: Heroism           |       |       |     3 |    17 |     8 |    10 ||    38
       Finesse           |       |       |       |     2 |     4 |     4 ||    10
       Duel              |       |       |       |       |       |     2 ||     2
  Use: Potion            |       |     1 |       |     1 |     1 |     4 ||     7
       Scroll            |       |       |       |    12 |    12 |    13 ||    37
 Stab: Distracted        |       |       |       |       |     1 |     1 ||     2
       Petrified         |       |       |       |       |       |    11 ||    11
       Held in net/web   |       |       |       |       |       |     2 ||     2
       Petrifying        |       |       |       |       |       |     1 ||     1
Armor: Scale mail        |    47 |     7 |       |    41 |   317 |   394 ||   806
       Chain mail        |       |    37 |    11 |       |       |       ||    48
       Plate armour      |       |       |    79 |   296 |       |       ||   375
       Skin              |       |       |       |     6 |       |       ||     6
Dodge: Dodged            |    41 |    43 |    61 |   249 |   339 |   466 ||  1199
Block: Buckler           |    21 |    31 |    70 |    81 |       |       ||   203
       Reflection        |       |       |     2 |       |       |       ||     2
       Kite shield       |       |       |       |   293 |   656 |   837 ||  1786

Table legend: (Time is in decaauts)
 A = Elapsed time spent in this place.
 B = Non-inter-level travel time spent in this place.
 C = Inter-level travel time spent in this place.
 D = Time resting spent in this place.
 E = Time spent auto-exploring this place.
 F = Levels seen in this place.
 G = Mean time per level.
                   A        B        C        D        E       F      G
               +--------+--------+--------+--------+--------+-----+--------+
         Total |  28492 |  25864 |   2628 |   2322 |  16651 |  37 |  770.1 |
       Dungeon |  13057 |  11856 |   1201 |   1452 |   7367 |  14 |  932.6 |
        Temple |    288 |    246 |     42 |      0 |    228 |   1 |  288.0 |
          Lair |   5689 |   4871 |    818 |    156 |   3659 |   6 |  948.2 |
        Shoals |   3620 |   3345 |    275 |    275 |   2233 |   4 |  905.0 |
   Spider Nest |   3417 |   3236 |    181 |    269 |   2065 |   4 |  854.2 |
  Orcish Mines |    842 |    736 |    106 |      0 |    503 |   2 |  421.0 |
        Vaults |    139 |    135 |      4 |      0 |     58 |   1 |  139.0 |
         Abyss |     49 |     49 |      0 |      0 |      0 |   1 |   49.0 |
      Ice Cave |    871 |    871 |      0 |    103 |    284 |   1 |  871.0 |
      Gauntlet |    437 |    437 |      0 |      0 |    252 |   1 |  437.0 |
         Arena |     79 |     79 |      0 |     67 |      0 |   2 |   39.5 |
               +--------+--------+--------+--------+--------+-----+--------+

Top non-repeatable levels by time:
     D:9: 1532 daAuts
     D:4: 1340 daAuts
Spider:3: 1330 daAuts
     D:5: 1235 daAuts
  Lair:6: 1231 daAuts
    D:10: 1189 daAuts
     D:8: 1147 daAuts
  Lair:1: 1133 daAuts
     D:3: 1080 daAuts
  Lair:5: 1023 daAuts
Shoals:3: 974 daAuts
Shoals:1: 944 daAuts
Spider:4: 941 daAuts
    D:13: 911 daAuts
  Lair:4: 902 daAuts
